[ AOE2 MATCH · #475985347 ]
UnrankedKhmer vs Poles
Player's team · WIN
Rival team · LOSS
[ REPLAY ANALYSIS · EXTRACTED FROM THE RECORDED GAME ]
Feudal
9:40
Castle
14:56
Imperial
28:34
| APM avg | 45.4 |
| APM peak | 95 |
| eAPM avg | 23.4 |
| Villagers / military | 343 / 319 |
Focus
⚔️ 27.7% · 🌾 72.3%
Knight ×156 · Scout Cavalry ×90 · Scorpion ×55 · Ballista Elephant ×7 · Trebuchet (Packed) ×7 · Monk ×3
Feudal
11:00
Castle
17:25
Imperial
31:36
| APM avg | 27.9 |
| APM peak | 63 |
| eAPM avg | 18.3 |
| Villagers / military | 219 / 741 |
Focus
⚔️ 33.2% · 🌾 66.8%
Scout Cavalry ×401 · Spearman ×276 · Obuch ×46 · Battering Ram ×9 · Knight ×4 · Trebuchet (Packed) ×3
Match map
Initial resources + every placement click. Lines = walls · curves = elevation contours. ◆ gold · ⬟ stone · ● berries · ✦ relic · ◌ wall gap
Inputs per minute
— LynxScatteR - - lauyikken123
Build order — LynxScatteR
First 150 of 836 actions detected
| 0:02 | Build | House |
| 0:04 | Build | House |
| 0:04 | Queue | Villager (Male) |
| 0:05 | Queue | Villager (Male) |
| 0:05 | Queue | Villager (Male) |
| 0:05 | Queue | Villager (Male) |
| 0:05 | Queue | Villager (Male) |
| 1:50 | Build | Lumber Camp |
| 2:02 | Queue | Villager (Male) |
| 2:03 | Queue | Villager (Male) |
| 2:03 | Queue | Villager (Male) |
| 2:35 | Queue | Villager (Male) |
| 3:19 | Queue | Villager (Male) |
| 3:19 | Queue | Villager (Male) |
| 3:19 | Queue | Villager (Male) |
| 4:04 | Queue | Villager (Male) |
| 4:05 | Queue | Villager (Male) |
| 4:05 | Queue | Villager (Male) |
| 4:14 | Build | House |
| 5:24 | Queue | Villager (Male) |
| 5:47 | Queue | Villager (Male) |
| 5:47 | Queue | Villager (Male) |
| 6:17 | Build | House |
| 7:24 | Queue | Villager (Male) |
| 7:24 | Queue | Villager (Male) |
| 7:25 | Queue | Villager (Male) |
| 7:30 | Research | Feudal Age |
| 8:11 | Build | Farm |
| 8:15 | Build | Farm |
| 8:25 | Build | Farm |
| 8:25 | Build | Farm |
| 9:03 | Queue | Villager (Male) |
| 9:40 | Age | Feudal Age |
| 9:48 | Build | Mining Camp |
| 10:00 | Queue | Villager (Male) |
| 10:03 | Queue | Villager (Male) |
| 10:10 | Build | Mill |
| 10:15 | Build | Mill |
| 10:30 | Build | Farm |
| 10:38 | Queue | Villager (Male) |
| 10:51 | Build | House |
| 11:10 | Queue | Villager (Male) |
| 11:23 | Build | Farm |
| 11:28 | Queue | Villager (Male) |
| 12:10 | Queue | Villager (Male) |
| 12:16 | Research | Castle Age |
| 12:28 | Research | Double-Bit Axe |
| 12:55 | Build | Lumber Camp |
| 14:39 | Queue | Villager (Male) |
| 14:39 | Queue | Villager (Male) |
| 14:42 | Queue | Villager (Male) |
| 14:56 | Age | Castle Age |
| 14:59 | Build | Town Center |
| 15:04 | Build | Town Center |
| 15:10 | Research | Bow Saw |
| 15:14 | Research | Gold Mining |
| 15:20 | Research | Horse Collar |
| 15:42 | Research | Heavy Plow |
| 15:53 | Build | Farm |
| 16:07 | Queue | Villager (Male) |
| 16:19 | Queue | Villager (Male) |
| 16:26 | Queue | Villager (Male) |
| 16:26 | Queue | Villager (Male) |
| 16:26 | Queue | Villager (Male) |
| 16:35 | Queue | Villager (Male) |
| 16:35 | Queue | Villager (Male) |
| 16:35 | Queue | Villager (Male) |
| 16:42 | Build | Farm |
| 16:42 | Build | Farm |
| 16:42 | Build | Farm |
| 16:42 | Build | Farm |
| 16:44 | Build | Farm |
| 16:59 | Queue | Villager (Male) |
| 17:05 | Build | Farm |
| 17:08 | Queue | Villager (Male) |
| 17:08 | Queue | Villager (Male) |
| 17:12 | Build | Farm |
| 17:25 | Queue | Villager (Male) |
| 17:25 | Queue | Villager (Male) |
| 17:46 | Build | Farm |
| 17:48 | Queue | Villager (Male) |
| 17:48 | Queue | Villager (Male) |
| 17:53 | Build | Farm |
| 17:56 | Queue | Villager (Male) |
| 18:11 | Queue | Villager (Male) |
| 18:12 | Queue | Villager (Male) |
| 18:16 | Build | Farm |
| 18:18 | Build | House |
| 18:44 | Build | House |
| 18:47 | Queue | Villager (Male) |
| 18:48 | Queue | Villager (Male) |
| 18:48 | Queue | Villager (Male) |
| 18:48 | Queue | Villager (Male) |
| 18:53 | Build | Farm |
| 19:01 | Queue | Villager (Male) |
| 19:01 | Queue | Villager (Male) |
| 19:02 | Queue | Villager (Male) |
| 19:07 | Build | House |
| 19:10 | Build | Farm |
| 19:17 | Build | Farm |
| 19:28 | Build | Town Center |
| 19:37 | Queue | Villager (Male) |
| 19:37 | Queue | Villager (Male) |
| 19:37 | Queue | Villager (Male) |
| 19:38 | Queue | Villager (Male) |
| 19:49 | Build | Farm |
| 19:55 | Build | Farm |
| 19:59 | Build | House |
| 20:04 | Build | Farm |
| 20:06 | Build | Farm |
| 20:09 | Queue | Villager (Male) |
| 20:09 | Queue | Villager (Male) |
| 20:09 | Queue | Villager (Male) |
| 20:09 | Queue | Villager (Male) |
| 20:10 | Queue | Villager (Male) |
| 20:23 | Research | Stone Mining |
| 20:23 | Research | Stone Mining |
| 20:31 | Build | Farm |
| 20:36 | Build | Lumber Camp |
| 20:43 | Queue | Villager (Male) |
| 21:10 | Queue | Villager (Male) |
| 21:10 | Queue | Villager (Male) |
| 21:11 | Queue | Villager (Male) |
| 21:12 | Queue | Villager (Male) |
| 21:12 | Queue | Villager (Male) |
| 21:12 | Queue | Villager (Male) |
| 21:12 | Queue | Villager (Male) |
| 21:13 | Queue | Villager (Male) |
| 21:19 | Build | Farm |
| 21:22 | Build | Farm |
| 21:24 | Build | Farm |
| 21:26 | Build | Farm |
| 21:34 | Queue | Villager (Male) |
| 21:38 | Build | House |
| 21:42 | Research | Gold Mining |
| 21:47 | Build | Farm |
| 21:51 | Queue | Villager (Male) |
| 21:51 | Queue | Villager (Male) |
| 21:51 | Queue | Villager (Male) |
| 21:51 | Queue | Villager (Male) |
| 21:52 | Queue | Villager (Male) |
| 22:07 | Build | House |
| 22:11 | Build | Farm |
| 22:17 | Build | Farm |
| 22:22 | Queue | Villager (Male) |
| 22:22 | Queue | Villager (Male) |
| 22:24 | Queue | Villager (Male) |
| 22:24 | Queue | Villager (Male) |
| 22:24 | Queue | Villager (Male) |
| 22:24 | Queue | Villager (Male) |
Build order — lauyikken123
First 150 of 749 actions detected
| 0:02 | Queue | Villager (Male) |
| 0:02 | Queue | Villager (Male) |
| 0:02 | Queue | Villager (Male) |
| 0:02 | Queue | Villager (Male) |
| 0:16 | Build | House |
| 0:19 | Build | House |
| 0:49 | Build | House |
| 1:44 | Queue | Villager (Male) |
| 2:09 | Queue | Villager (Male) |
| 2:40 | Queue | Villager (Male) |
| 3:06 | Queue | Villager (Male) |
| 3:28 | Queue | Villager (Male) |
| 4:00 | Queue | Villager (Male) |
| 4:38 | Queue | Villager (Male) |
| 4:44 | Build | Lumber Camp |
| 4:46 | Queue | Villager (Male) |
| 4:47 | Queue | Villager (Male) |
| 4:48 | Queue | Villager (Male) |
| 5:13 | Queue | Villager (Male) |
| 5:27 | Queue | Villager (Male) |
| 5:33 | Queue | Villager (Male) |
| 6:00 | Queue | Villager (Male) |
| 6:04 | Build | House |
| 6:28 | Queue | Villager (Male) |
| 7:15 | Build | Mill |
| 7:20 | Build | Mill |
| 7:29 | Queue | Villager (Male) |
| 7:50 | Build | House |
| 8:19 | Research | Loom |
| 8:50 | Research | Feudal Age |
| 9:31 | Build | Palisade Wall |
| 9:42 | Queue | Villager (Male) |
| 10:30 | Build | Farm |
| 10:30 | Build | Farm |
| 10:31 | Build | Farm |
| 10:31 | Build | Farm |
| 10:32 | Build | Farm |
| 10:33 | Build | Farm |
| 10:48 | Queue | Villager (Male) |
| 10:53 | Build | Mining Camp |
| 11:00 | Age | Feudal Age |
| 11:06 | Queue | Villager (Male) |
| 11:08 | Research | Double-Bit Axe |
| 11:13 | Build | Farm |
| 11:21 | Queue | Villager (Male) |
| 11:32 | Build | Stone Wall |
| 11:46 | Queue | Villager (Male) |
| 11:51 | Research | Horse Collar |
| 12:09 | Build | Market |
| 12:22 | Build | Stone Wall |
| 12:32 | Build | Stone Wall |
| 12:38 | Queue | Villager (Male) |
| 12:47 | Queue | Villager (Male) |
| 12:57 | Build | Stone Wall |
| 12:59 | Build | Stone Wall |
| 13:07 | Queue | Villager (Male) |
| 13:13 | Build | Blacksmith |
| 13:23 | Queue | Villager (Male) |
| 13:43 | Build | Stone Wall |
| 14:11 | Build | Building 673 |
| 14:17 | Build | Stone Wall |
| 14:25 | Queue | Villager (Male) |
| 14:32 | Build | House |
| 14:35 | Build | House |
| 14:41 | Queue | Villager (Male) |
| 14:45 | Research | Castle Age |
| 14:51 | Build | Mining Camp |
| 15:03 | Research | Stone Mining |
| 15:36 | Build | Stone Wall |
| 15:43 | Queue | Villager (Male) |
| 15:45 | Research | Gold Mining |
| 15:49 | Build | Farm |
| 15:53 | Build | Farm |
| 15:59 | Build | House |
| 16:01 | Build | House |
| 16:07 | Queue | Villager (Male) |
| 16:11 | Build | House |
| 16:12 | Build | House |
| 16:14 | Build | House |
| 16:27 | Queue | Villager (Male) |
| 16:54 | Queue | Villager (Male) |
| 17:12 | Build | House |
| 17:17 | Build | House |
| 17:25 | Age | Castle Age |
| 17:46 | Build | Town Center |
| 17:51 | Queue | Villager (Male) |
| 17:54 | Build | House |
| 17:55 | Build | House |
| 18:09 | Research | Bow Saw |
| 18:11 | Research | Heavy Plow |
| 18:15 | Build | House |
| 18:16 | Build | House |
| 18:23 | Queue | Villager (Male) |
| 18:57 | Queue | Villager (Male) |
| 19:00 | Build | House |
| 19:03 | Build | House |
| 19:08 | Queue | Villager (Male) |
| 19:08 | Queue | Villager (Male) |
| 19:10 | Queue | Villager (Male) |
| 19:22 | Queue | Villager (Male) |
| 19:42 | Build | Town Center |
| 19:50 | Queue | Villager (Male) |
| 20:04 | Queue | Villager (Male) |
| 20:05 | Queue | Villager (Male) |
| 20:12 | Build | House |
| 20:28 | Build | Mill |
| 20:31 | Build | Farm |
| 20:36 | Queue | Villager (Male) |
| 20:47 | Build | Farm |
| 20:48 | Build | Farm |
| 20:49 | Build | Farm |
| 20:58 | Queue | Villager (Male) |
| 21:06 | Build | Barracks |
| 21:23 | Queue | Villager (Male) |
| 21:25 | Queue | Villager (Male) |
| 21:26 | Queue | Villager (Male) |
| 21:26 | Queue | Villager (Male) |
| 21:38 | Queue | Villager (Male) |
| 21:41 | Queue | Villager (Male) |
| 21:41 | Queue | Villager (Male) |
| 21:46 | Build | Farm |
| 21:47 | Build | Farm |
| 21:48 | Build | Farm |
| 21:51 | Build | Farm |
| 21:53 | Build | Farm |
| 21:56 | Build | Farm |
| 22:00 | Build | House |
| 22:05 | Queue | Villager (Male) |
| 22:16 | Queue | Villager (Male) |
| 22:19 | Queue | Villager (Male) |
| 22:38 | Build | Farm |
| 22:42 | Research | Wheelbarrow |
| 22:46 | Build | House |
| 22:49 | Queue | Villager (Male) |
| 22:57 | Build | Mill |
| 22:59 | Build | Farm |
| 22:59 | Build | Farm |
| 23:00 | Build | Farm |
| 23:00 | Build | Farm |
| 23:08 | Build | Farm |
| 23:09 | Build | Farm |
| 23:10 | Build | Farm |
| 23:15 | Build | Farm |
| 23:18 | Queue | Villager (Male) |
| 23:20 | Queue | Villager (Male) |
| 23:22 | Queue | Villager (Male) |
| 23:24 | Queue | Villager (Male) |
| 23:29 | Queue | Villager (Male) |
| 24:00 | Build | Monastery |
| 24:11 | Build | Town Center |
Match timeline
| 9:31 | lauyikken123 · wall_segment Palisade Wall x10 |
| 9:40 | LynxScatteR · age_up feudal |
| 11:00 | lauyikken123 · age_up feudal |
| 11:32 | lauyikken123 · wall_segment Stone Wall x12 |
| 12:22 | lauyikken123 · wall_segment Stone Wall x2 |
| 12:32 | lauyikken123 · wall_segment Stone Wall x1 |
| 12:57 | lauyikken123 · wall_segment Stone Wall x8 |
| 12:59 | lauyikken123 · wall_segment Stone Wall x7 |
| 13:43 | lauyikken123 · wall_segment Stone Wall x12 |
| 14:17 | lauyikken123 · wall_segment Stone Wall x4 |
| 14:56 | LynxScatteR · age_up castle |
| 15:36 | lauyikken123 · wall_segment Stone Wall x3 |
| 17:25 | lauyikken123 · age_up castle |
| 21:06 | lauyikken123 · first_building Barracks |
| 24:00 | lauyikken123 · first_building Monastery |
| 25:05 | LynxScatteR · first_building Castle |
| 25:55 | lauyikken123 · first_building Stable |
| 26:39 | LynxScatteR · first_building Stable |
| 26:53 | lauyikken123 · first_building Castle |
| 28:34 | LynxScatteR · age_up imperial |
| 31:36 | lauyikken123 · age_up imperial |
| 32:18 | LynxScatteR · first_market_sell 500 food |
| 32:55 | lauyikken123 · wall_segment Stone Wall x15 |
| 33:08 | lauyikken123 · wall_segment Stone Wall x11 |
| 34:53 | lauyikken123 · wall_segment Stone Wall x12 |
| 36:57 | lauyikken123 · wall_segment Stone Wall x8 |
| 37:04 | lauyikken123 · wall_segment Stone Wall x3 |
| 37:14 | lauyikken123 · wall_segment Stone Wall x3 |
| 41:59 | lauyikken123 · wall_segment Stone Wall x37 |
| 50:12 | lauyikken123 · wall_segment Stone Wall x7 |
| 50:15 | lauyikken123 · wall_segment Stone Wall x7 |
| 53:05 | LynxScatteR · first_market_buy 100 food |
| 54:26 | lauyikken123 · wall_segment Stone Wall x6 |
| 54:27 | lauyikken123 · wall_segment Stone Wall x5 |
| 55:25 | LynxScatteR · first_building Monastery |
| 56:27 | lauyikken123 · wall_segment Stone Wall x14 |
| 58:36 | lauyikken123 · first_market_sell 100 food |
| 59:51 | LynxScatteR · first_building Siege Workshop |
| 61:16 | lauyikken123 · wall_segment Stone Wall x5 |
| 61:18 | lauyikken123 · wall_segment Stone Wall x5 |
| 63:05 | lauyikken123 · first_building Siege Workshop |
| 64:46 | LynxScatteR · wall_segment Palisade Wall x5 |
| 66:39 | LynxScatteR · wall_segment Palisade Wall x1 |
| 70:46 | lauyikken123 · resign |
[ AI ANALYSIS · 1 CREDIT ]
What really happened in this match?
Wolo.gg analyzes every decision: build order, eco, micro, common mistakes by bracket. Personalized analysis on WhatsApp or Discord in 30 seconds.
Civ guide
Khmer
Perfil
Jugador #1773631